 Dungeon Crawl Stone Soup version 0.17-a0-1403-g9df874c (webtiles) character file.

3133 patman2 the Grappler (level 9, -3/78 HPs)
             Began as a Ghoul Monk on June 20, 2015.
             Was an Initiate of Ru.
             Slain by a warg (9 damage)
             ... on level 10 of the Dungeon.
             The game lasted 00:16:24 (2928 turns).

patman2 the Grappler (Ghoul Monk)                   Turns: 2928, Time: 00:16:24

Health: -3/78      AC: 14    Str: 15    XL:     9   Next: 92%
Magic:  8/8        EV:  5    Int:  7    God:    Ru [......]
Gold:   106        SH:  0    Dex: 12    Spells: 0 memorised, 8 levels left

rFire  . . .     SeeInvis .       - Unarmed
rCold  + . .     Clarity  .     r - +0 plate armour
rNeg   + + +     SustAt   .     (no shield)
rPois  ∞         Gourm    .     (no helmet)
rElec  .         Spirit   .     A - +0 cloak
rCorr  .         Warding  .     (no gloves)
rMut   +         Stasis   .     s - +0 pair of boots
MR     +....                    x - amulet of resist mutation
Stlth  ..........               (no ring)
                                y - ring of protection from magic

@: rotting, somewhat resistant to hostile enchantments, extremely unstealthy
A: rotting body, claws 1, carnivore 3, cold resistance 1, negative energy
resistance 3, slow healing 1, torment resistance, unbreathing, no stealth
a: Renounce Religion


You were on level 10 of the Dungeon.
You worshipped Ru.
Ru was noncommittal.
You were not hungry.

You visited 3 branches of the dungeon, and saw 12 of its levels.

You collected 106 gold pieces.

Inventory:

Hand weapons
 h - a +2 dagger of draining
Missiles
 c - 95 stones
 l - 5 javelins (quivered)
Armour
 r - a +0 plate armour (worn)
 s - a +0 pair of boots (worn)
 A - a +0 cloak (worn)
Jewellery
 x - an amulet of resist mutation (around neck)
 y - a ring of protection from magic (left claw)
Magical devices
 p - a wand of confusion (22)
 t - a wand of slowing (29)
 w - a wand of disintegration (3)
Scrolls
 e - a scroll of fog {unknown}
 f - a scroll of enchant armour {unknown}
 g - 2 scrolls of recharging
 v - a scroll of magic mapping {unknown}
 z - a scroll of remove curse {unknown}
Potions
 a - a potion of mutation
 d - a potion of degeneration
 j - a potion of brilliance {unknown}
 m - a potion of heal wounds {unknown}
 n - 2 potions of haste
 q - a potion of magic {unknown}
 B - a potion of poison {unknown}
Books
 u - a book of Spatial Translocations

   Spells                             Type                      Level
   a - Apportation                    Translocation                1
   b - Blink                          Translocation                2
   c - Shroud of Golubria             Charms/Translocation         2
   d - Portal Projectile              Translocation                3
   e - Teleport Other                 Translocation                3
   f - Passage of Golubria            Translocation                4
 C - a book of the Warp

   Spells                             Type                      Level
   a - Recall                         Summoning/Translocation      3
   b - Gell's Gravitas                Hexes/Translocation          3
   c - Force Lance                    Conjuration/Translocation    4
   d - Phase Shift                    Translocation                5
   e - Warp Weapon                    Charms/Translocation         5
   f - Summon Forest                  Summoning/Translocation      5
Comestibles
 b - 2 meat rations
 i - a slice of pizza
 o - 13 chunks of flesh


   Skills:
 * Level 6.8 Fighting
 * Level 4.6 Armour
 - Level 2.6 Dodging
 - Level 12.6 Unarmed Combat


You had 8 spell levels left.
You didn't know any spells.

Dungeon Overview and Level Annotations

Branches:
Dungeon (10/15)            Temple (1/1) D:6             Orc (1/4) D:10
   Lair: D:8-11

Altars:
Kikubaaqudgha
Makhleb
Okawaru
Ru
Vehumet
Xom
Yredelemnul
Zin
Beogh

Shops:
D:7 *}


Innate Abilities, Weirdness & Mutations

Your body is rotting away.
You thrive on raw meat.
You are immune to poison.
You have sharp fingernails.
You are carnivorous and can eat meat at any time.
Your flesh is cold resistant.
You are immune to negative energy.
You heal slowly when monsters are visible.
You are immune to unholy pain and torment.
You can survive without breathing.
You cannot be stealthy.


Message History

The adder bites you but does no damage. The warg bites you but does no damage.
You scratch the warg.
The warg is heavily wounded.
The adder bites you but does no damage. The warg barely misses you.
Unknown command.
You scratch the warg.
The warg is severely wounded.
The adder bites you but does no damage. The warg bites you.
* * * LOW HITPOINT WARNING * * *
Unknown command.
You claw the warg!
The warg is almost dead.
The adder bites you but does no damage. The warg bites you.
* * * LOW HITPOINT WARNING * * *
The orc hits you but does no damage.
Unknown command.
You closely miss the warg.
The warg is almost dead.
The adder barely misses you. The warg bites you!
You die...

.....## ##...# ..
##..#### <# #......###
.## #........# ..# ###
##..#####..# .. ...#
#..## ..# .#....# #..#
############S......
#.## #.....#8.oh@#
..## #....)#.).o##
...###.._.[[..>o.#
....##....[#.)...#
.....#.....#8...#.....
^##..########.###.....
## ##..# #..........#.
# #...###..#...(.....
#...#.##.........


You could see a warg (bleeding), an adder and 3 orcs.

Vanquished Creatures
  The ghost of patman2 the Cleaver, an experienced DDFi of Trog (D:9)
  A troll (D:8)
  A hippogriff (D:8)
  An orc warrior (D:7)
  A black bear (D:8)
  An ice beast (D:8)
  3 phantoms
  A sky beast (D:8)
  2 ogres
  5 centaurs
  A crocodile (D:10)
  A giant frog (D:7)
  5 wights (D:9)
  A centaur zombie (D:5)
  5 orc wizards
  A crimson imp (D:5)
  2 hounds
  Crazy Yiuf (D:7)
  6 orc priests
  An iguana (D:8)
  3 worker ants
  2 worker ant zombies
  6 gnolls
  A shadow imp (D:8)
  4 adders
  3 giant geckos
  19 orcs
  5 bats
  A bat skeleton (D:5)
  A giant cockroach (D:4)
  6 goblins
  9 hobgoblins
  7 kobolds
  3 quokkas
  A ball python (D:2)
  3 giant newts
  4 jackals (D:3)
  6 rats
125 creatures vanquished.

Vanquished Creatures (others)
  A giant gecko (D:8)
  An orc (D:8)
2 creatures vanquished.

Grand Total: 127 creatures vanquished

Notes
Turn   | Place    | Note
--------------------------------------------------------------
     0 | D:1      | patman2 the Ghoul Monk began the quest for the Orb.
     0 | D:1      | Reached XP level 1. HP: 19/19 MP: 0/0
    69 | D:2      | Reached XP level 2. HP: 12/26 MP: 1/1
   154 | D:1      | Reached skill level 5 in Unarmed Combat
   370 | D:3      | Reached XP level 3. HP: 31/31 MP: 2/2
   599 | D:3      | Reached skill level 6 in Unarmed Combat
   599 | D:3      | Reached XP level 4. HP: 20/38 MP: 3/3
   739 | D:5      | Entered Level 5 of the Dungeon
   788 | D:5      | Reached XP level 5. HP: 41/45 MP: 4/4
   805 | D:5      | Reached skill level 7 in Unarmed Combat
   842 | D:5      | Reached XP level 6. HP: 44/51 MP: 5/5
   933 | D:5      | Reached skill level 8 in Unarmed Combat
  1012 | D:5      | Found a glowing silver altar of Zin.
  1079 | D:5      | Noticed a centaur
  1096 | D:5      | Killed a centaur
  1096 | D:5      | Reached skill level 9 in Unarmed Combat
  1096 | D:5      | Reached XP level 7. HP: 15/57 MP: 6/6
  1179 | D:5      | Noticed a centaur
  1183 | D:5      | Killed a centaur
  1328 | D:7      | Reached skill level 10 in Unarmed Combat
  1350 | D:7      | Reached XP level 8. HP: 49/63 MP: 7/7
  1387 | D:7      | Found Toreq's Quality Used Wands.
  1525 | D:8      | Reached skill level 11 in Unarmed Combat
  1695 | D:9      | Noticed a troll
  1697 | D:9      | Noticed patman2's ghost (experienced DDFi)
  1715 | D:8      | Killed a troll
  1715 | D:8      | Reached skill level 12 in Unarmed Combat
  1813 | D:8      | Reached XP level 9. HP: 70/70 MP: 8/8
  1875 | D:7      | Found Riklaq's Assorted Antiques.
  1936 | D:7      | Noticed Crazy Yiuf
  1954 | D:7      | Killed Crazy Yiuf
  2246 | D:6      | Found a staircase to the Ecumenical Temple.
  2261 | Temple   | Entered the Ecumenical Temple
  2275 | Temple   | Became a worshipper of Ru the Awakened
  2295 | D:6      | Gained mutation: You cannot be stealthy. [Ru sacrifice]
  2356 | D:8      | Reached skill level 1 in Armour
  2388 | D:9      | Killed patman2's ghost
  2414 | D:8      | Reached skill level 5 in Fighting
  2644 | D:10     | Entered Level 10 of the Dungeon
  2835 | D:10     | Found a staircase to the Orcish Mines.
  2841 | D:10     | Found a roughly hewn altar of Beogh.
  2897 | Orc:1    | Entered Level 1 of the Orcish Mines
  2928 | D:10     | Slain by a warg

Vault maps used:
D:1:      dpeg_arrival_rooms_b
D:2:      minmay_misc_feat_plants, bh_walls_and_bars
D:4:      serial_shops, nicolae_shop_scaring_up_business,
          hangedman_minor_gate_pass, uniq_blork_the_orc, uniq_grinder
D:5:      kennysheep_little_box, first_bread, minmay_misc_feat_chi, uniq_edmund,
          uniq_eustachio, uniq_pikel
D:6:      minmay_temple_entry_trees, hangedman_decor_growths
D:7:      serial_shops, shop, shop, kennysheep_mini_moat,
          nicolae_for_you_no_charge, uniq_crazy_yiuf_cottage
D:8:      lair_0_dummy, hangedman_little_slice_of_home, xom_confusion_cloud
D:10:     minmay_orc_entry_temple_small, uniq_maurice
Temple:   grunt_circular_temple_18
Orc:1:    trog_hazing_becter

Action                   |  1- 3 |  4- 6 |  7- 9 || total
-------------------------+-------+-------+-------++-------
Melee: Unarmed           |    78 |   105 |   314 ||   497
Throw: Javelin           |       |       |     7 ||     7
Invok: Sacrifice Stealth |       |       |     1 ||     1
Evoke: Wand              |       |       |     5 ||     5
  Use: Scroll            |     1 |       |     3 ||     4
 Stab: Sleeping          |     3 |       |       ||     3
       Confused          |       |       |     3 ||     3
       Invisible         |       |       |     2 ||     2
  Eat: Chunk             |     5 |    13 |    53 ||    71
